 Dungeon Crawl Stone Soup version 0.16.2-12-gd0ad4c3 (webtiles) character file.

730 Seneschal the Stinger (level 7, 0/36 HPs)
             Began as a Gargoyle Venom Mage on Sept 23, 2015.
             Was an Initiate of Sif Muna.
             Slain by a wight
             ... wielding a cursed +3 great sword
              (2 damage)
             ... on level 6 of the Dungeon.
             The game lasted 00:22:18 (4053 turns).

Seneschal the Stinger (Gargoyle Venom Mage)         Turns: 4053, Time: 00:22:18

Health: 0/36       AC:  9    Str: 14 (15) XL:     7   Next: 73%
Magic:  14/17      EV: 12    Int: 18      God:    Sif Muna [......]
Gold:   194        SH:  0    Dex: 10      Spells: 2 memorised, 9 levels left

rFire  . . .     SeeInvis .     z - +4 dagger
rCold  . . .     Clarity  .     v - +2 robe {MR+}
rNeg   + + +     SustAb   .     (no shield)
rPois  ∞         Gourm    .     E - +1 hat
rElec  +         Spirit   .     (no cloak)
rCorr  .         Warding  +     (no gloves)
rMut   .         Stasis   .     (no boots)
MR     +....                    s - amulet of warding
Stlth  ++........               o - +4 ring of strength
                                i - ring of positive energy

@: somewhat resistant to hostile enchantments, unstealthy
A: negative energy resistance 1, electricity resistance, unbreathing,
petrification resistance, rot immunity, AC +4
a: Renounce Religion


You were on level 6 of the Dungeon.
You worshipped Sif Muna.
Sif Muna was noncommittal.
You were not hungry.

You visited 2 branches of the dungeon, and saw 7 of its levels.

You collected 194 gold pieces.

Inventory:

Hand weapons
 m - a +0 dagger of venom
 u - a +2 vampiric short sword
 z - a +4 dagger (weapon)
Armour
 a - a +0 robe
 j - a +1 robe of cold resistance
 v - a +2 robe of magic resistance (worn)
 E - a +1 hat (worn)
Jewellery
 i - a ring of positive energy (left hand)
 o - a +4 ring of strength (right hand)
 s - an amulet of warding (around neck)
Magical devices
 g - a wand of teleportation (1)
 x - a wand of fireball (3)
Scrolls
 d - 2 scrolls of identify
 h - 2 scrolls of remove curse
 p - a scroll of teleportation
 q - a scroll of immolation {unknown}
 t - a scroll of magic mapping {unknown}
 y - 2 scrolls of random uselessness {unknown}
 A - a scroll of recharging {unknown}
 C - 2 scrolls of amnesia {unknown}
Potions
 e - 2 potions of curing
 k - a potion of flight
 l - a potion of lignification {unknown}
 n - 3 potions of agility
 B - a potion of brilliance
 D - a potion of restore abilities {unknown}
Books
 b - a Young Poisoner's Handbook

   Spells                             Type                      Level
   a - Sting                          Conjuration/Poison           1
   b - Cure Poison                    Poison                       2
   c - Mephitic Cloud                 Conjuration/Poison/Air       3
   d - Olgreb's Toxic Radiance        Poison                       4
   e - Venom Bolt                     Conjuration/Poison           5
 f - a book of Ice

   Spells                             Type                      Level
   a - Ice Form                       Ice/Transmutation            4
   b - Metabolic Englaciation         Hexes/Ice                    5
   c - Ozocubu's Refrigeration        Ice                          6
   d - Bolt of Cold                   Conjuration/Ice              6
   e - Freezing Cloud                 Conjuration/Ice/Air          6
   f - Simulacrum                     Ice/Necromancy               6
Comestibles
 c - 4 bread rations
 w - a slice of pizza


   Skills:
 - Level 0.2 Fighting
 - Level 1.5 Dodging
 - Level 2.1 Stealth
 + Level 4.4 Spellcasting
 * Level 4.4 Conjurations
 * Level 6.8 Poison Magic


You had 9 spell levels left.
You knew the following spells:

 Your Spells              Type           Power        Failure   Level  Hunger
a - Sting                 Conj/Pois      ###.         1%          1    None
b - Olgreb's Toxic Radia  Pois           ####....     12%         4    ####...


Dungeon Overview and Level Annotations

Branches:
Dungeon (6/15)             Temple (1/1) D:6

Altars:
Makhleb
Nemelex Xobeh
Ru
Sif Muna
Trog
Zin
The Shining One

Annotations:
D:5 dscm's ghost, average MiBe
D:6 Grinder


Innate Abilities, Weirdness & Mutations

You are resistant to torment.
You are immune to poison.
Your stone body is very resilient (AC +4).
You resist negative energy.
You are resistant to electric shocks.
You can survive without breathing.
You are immune to petrification.
You are immune to rotting.


Message History

You closely miss the wight.
The wight is heavily damaged.
The wight hits you with an enchanted great sword!
* * * LOW HITPOINT WARNING * * *
You hit the wight but do no damage.
The wight is heavily damaged.
You hit the wight.
The wight is severely damaged.
The wight hits you with an enchanted great sword!
* * * LOW HITPOINT WARNING * * *
There is an open door here.
An orc and Grinder come into view.
Grinder moves out of view.
The orc moves out of view.
Evoke which item? (* to show all) (? for menu, Esc to quit)
Zapping:
g - a wand of teleportation (will waste charges)
Press: ? - help, Shift-Dir - straight line Nothing appears to happen.
Evoking this partially-identified wand wasted a few charges.
The wight hits you with an enchanted great sword.
You die...

.....# ##.#....# # ......#
#......# # .....# ##.....#
# ####....### ##.....# #
...!...... .......# #
.........####.#.#+## ### #
.........)##<#.#.#.#
####<###
..$.#.).##....#.#.#
#.)...##
..........'z@..#.#[#
#.....##
.....#####....#.#.###..<..#
.... #.............#'## ...
#...###..####.#.# . #...#
#..# #.#.### #...# ##.##
#.#...# #...# #..###...#.#
#...# #..##....... #...#
#...#..[#.#.


You could see a wight.

Vanquished Creatures
  A sky beast (D:5)
  An ogre (D:6)
  A giant frog (D:6)
  A scorpion (D:6)
  An orc priest (D:3)
  A giant frog skeleton (D:6)
  An iguana (D:4)
  3 worker ants (D:4)
  An orc wizard (D:3)
  Ijyb (D:4)
  Jessica (D:2)
  A hound skeleton (D:5)
  9 adders
  A shadow imp (D:3)
  A giant mite (D:3)
  2 worms (D:3)
  A giant gecko (D:1)
  An ooze (D:5)
  8 orcs
  12 bats
  5 hobgoblins
  6 jackals
  8 kobolds
  5 quokkas
  2 ball pythons
  4 giant cockroaches
  6 giant newts
  A giant spore (D:3)
  12 goblins
  A jackal skeleton (D:4)
  A jackal zombie (D:6)
  12 rats
  A ballistomycete (D:3)
113 creatures vanquished.

Vanquished Creatures (others)
  A worker ant (D:5)
  A bat (D:5)
  A goblin (D:5)
  A hobgoblin (D:5)
  A kobold (D:5)
5 creatures vanquished.

Grand Total: 118 creatures vanquished

Notes
Turn   | Place    | Note
--------------------------------------------------------------
     0 | D:1      | Seneschal, the Gargoyle Venom Mage, began the quest for the Orb.
     0 | D:1      | Reached XP level 1. HP: 10/10 MP: 3/3
   139 | D:1      | Reached XP level 2. HP: 15/15 MP: 1/4
   806 | D:2      | Reached skill level 1 in Conjurations
   820 | D:2      | Noticed Jessica
   837 | D:2      | Reached XP level 3. HP: 13/19 MP: 0/6
  1176 | D:2      | Killed Jessica
  1176 | D:2      | Reached XP level 4. HP: 17/24 MP: 5/8
  1182 | D:2      | Learned a level 4 spell: Olgreb's Toxic Radiance
  1247 | D:2      | Found a sparkling altar of Nemelex Xobeh.
  1899 | D:3      | Reached skill level 5 in Poison Magic
  1899 | D:3      | Reached XP level 5. HP: 25/28 MP: 6/10
  2120 | D:3      | Found a glowing golden altar of the Shining One.
  2273 | D:3      | You fall through a shaft for 3 floors!
  2273 | D:6      | Found a staircase to the Ecumenical Temple.
  2284 | D:5      | Entered Level 5 of the Dungeon
  2286 | D:5      | Noticed dscm's ghost (average MiBe)
  2631 | D:4      | You fall through a shaft!
  2666 | D:4      | Reached XP level 6. HP: 32/32 MP: 9/13
  3021 | D:4      | Noticed Ijyb
  3033 | D:4      | Killed Ijyb
  3194 | D:5      | Noticed a sky beast
  3214 | D:5      | Killed a sky beast
  3214 | D:5      | Reached skill level 6 in Poison Magic
  3214 | D:5      | Reached XP level 7. HP: 13/36 MP: 9/15
  3830 | Temple   | Entered the Ecumenical Temple
  3841 | Temple   | Became a worshipper of Sif Muna the Loreminder
  3974 | D:6      | Found a glowing silver altar of Zin.
  4025 | D:6      | Noticed an ogre
  4033 | D:6      | Killed an ogre
  4052 | D:6      | Noticed Grinder
  4053 | D:6      | Slain by a wight

Action                   |  1- 3 |  4- 6 |  7- 9 || total
-------------------------+-------+-------+-------++-------
Melee: Unarmed           |    13 |    11 |       ||    24
       Dagger            |       |   127 |    50 ||   177
 Cast: Sting             |    61 |    91 |    18 ||   170
       Olgreb's Toxic Ra |       |     7 |     7 ||    14
Evoke: Wand              |       |       |     1 ||     1
  Use: Potion            |     3 |     3 |       ||     6
       Scroll            |     1 |     4 |     5 ||    10
  Eat: Chunk             |     1 |     3 |     2 ||     6
       Bread ration      |       |     1 |       ||     1
       Meat ration       |       |       |     1 ||     1
       Beef jerky        |       |       |     1 ||     1
